 Dungeon Crawl Stone Soup version 0.25-a0-614-g73ad250637 (webtiles) character file.

Game seed: 12508862494556781224, levelgen mode: deterministic

68 kae the Skirmisher (level 4, 0/36 HPs)
             Began as a Demonspawn Monk on Mar 17, 2020.
             Slain by a gnoll
             ... wielding a +0 flail
              (11 damage)
             ... on level 2 of the Dungeon.
             The game lasted 00:01:52 (2614 turns).

kae the Skirmisher (Demonspawn Monk)                Turns: 2614, Time: 00:01:53

Health: 0/36       AC:  6    Str: 12    XL:     4   Next: 1%
Magic:  4/4        EV: 13    Int: 11    God:
Gold:   147        SH:  0    Dex: 16    Spells: 3/3 levels left

rFire    . . .     SeeInvis .     - Unarmed
rCold    . . .     Gourm    .   (no shield)
rNeg     . . .     Faith    .   a - +0 robe
rPois    .         Spirit   .   (helmet restricted)
rElec    .         Reflect  .   (no cloak)
rCorr    .         Harm     .   f - +1 pair of gloves
MR       .....                  (no boots)
Stlth    ++........             (no amulet)
HPRegen  0.12/turn              (no ring)
MPRegen  0.09/turn              (no ring)

@: lethally poisoned (0 -> -1)
A: antennae 1, iridescent scales 1
a: no special abilities


You were on level 2 of the Dungeon.
You were hungry.

You visited 1 branch of the dungeon, and saw 3 of its levels.

You collected 147 gold pieces.

Inventory:

Armour
 a - a +0 robe (worn)
 f - a +1 pair of gloves (worn)
Jewellery
 i - an uncursed amulet of rage {unknown}
Scrolls
 d - a scroll of remove curse {unknown}
 e - 3 scrolls of teleportation {unknown}
 h - 3 scrolls of identify {unknown}
Potions
 c - 2 potions of heal wounds {unknown}
 g - a potion of resistance {unknown}
Comestibles
 b - 4 rations


   Skills:
 + Level 3.6 Fighting
 - Level 3.1 Dodging
 - Level 2.4 Stealth
 + Level 3.3 Unarmed Combat


You had 3 spell levels left.
You didn't know any spells.
Your spell library contained the following spells:

 Spells                   Type           Power        Failure   Level  Hunger
 Animate Skeleton         Necr           N/A          34%         1    ##.....
 Apportation              Tloc           #.....       34%         1    ##.....
 Corona                   Hex            #......      34%         1    ##.....
 Summon Small Mammal      Summ           #...         34%         1    ##.....


Dungeon Overview and Level Annotations

Branches:
Dungeon (3/15)

Altars:
Sif Muna


Innate Abilities, Weirdness & Mutations

You have a pair of small antennae on your head.
You are partially covered in iridescent scales. (AC +2)


Message History

You feel sick. The adder closely misses you.
The gnoll hits you with a +0 flail.
You miss the adder.
The adder is heavily wounded.
The adder bites you but does no damage. The gnoll barely misses you.
The adder misses you.
You barely miss the adder.
The adder is heavily wounded.
The adder bites you but does no damage.
You closely miss the adder.
The adder is heavily wounded.
The gnoll hits you with a +0 flail. The adder closely misses you.
You completely miss the adder.
The adder is heavily wounded.
You feel sick. The adder bites you but does no damage.
The gnoll hits you with a +0 flail.
You barely miss the adder.
The adder is heavily wounded.
The adder misses you. The gnoll hits you with a +0 flail!
You die...

#..............#.#######.#
#.... #...........##.#.# #.#
#.... #...........##.#.# #.#
#.... #...........##.#.#### #.#
#.... ###.................# #.#
#.... #...........#.....# #.#
#.... #.................# ##'##
#....
#.............g...###...###....
#......)......@...')......##'##
#............S....##......##.#
#.).........##....##......##.#
#...........##....##......##.#
##'#+#########....##......##.#
#.#.# ##....##......'..# #.#.#
#.....##......#### #(#.#
#.###.##......# #(#.#
#.#...........#


You could see a gnoll and an adder.

Vanquished Creatures
  2 adders (D:2)
  5 worms (D:2)
  2 dart slugs
  6 goblins
  3 hobgoblins
  4 jackals (D:2)
  4 bats
  2 frilled lizards
  2 kobolds
  2 rats (D:2)
32 creatures vanquished.

Notes
Turn   | Place    | Note
-------+----------+-------------------------------------------
     0 | D:1      | kae the Demonspawn Monk began the quest for the Orb.
     0 | D:1      | Reached XP level 1. HP: 18/18 MP: 1/1
   414 | D:1      | Gained mutation: You are partially covered in iridescent
                  | scales. (AC +2) [demonic ancestry]
   414 | D:1      | Reached XP level 2. HP: 20/24 MP: 2/2
  1215 | D:2      | Gained mutation: You have a pair of small antennae on your
                  | head. [demonic ancestry]
  1215 | D:2      | Reached XP level 3. HP: 22/29 MP: 3/3
  2468 | D:2      | Found a shimmering blue altar of Sif Muna.
  2536 | D:2      | Reached XP level 4. HP: 31/36 MP: 4/4
  2614 | D:2      | Slain by a gnoll

Levels and vault maps discovered:
D:1:      evilmike_arrival_plus, layout_basic
D:2:      layout_basic, lemuel_blue_sif_altar
D:3:      layout_basic, first_ration

Skill      XL: |  1  2 |
---------------+-------+-----
Stealth        | 2 |  2.4
Dodging        | 3 |  3.1
Unarmed Combat | 3 |  3.3
Fighting       | |  3.6

Action                   |  1- 3 |  4- 6 || total
-------------------------+-------+-------++-------
Melee: Unarmed           |   198 |    13 ||   211
       Punch             |     5 |       ||     5
 Stab: Sleeping          |     1 |       ||     1
       Distracted        |     1 |       ||     1
  Eat: Chunk             |     5 |       ||     5
Armor: Robe              |    48 |     6 ||    54
Dodge: Dodged            |   135 |    10 ||   145

Table legend:
 A = Non-vault XP
 B = Vault XP
 C = Vault XP percentage of total XP
 D = Non-vault monster count
 E = Vault monster count
 F = Vault count percentage of total count
                 A         B        C        D         E       F
            +---------+---------+-------+---------+---------+-------
      Total |      98 |       0 |   0.0 |      32 |       0 |   0.0
            +---------+---------+-------+---------+---------+-------
        D:1 |      19 |       0 |   0.0 |      10 |       0 |   0.0
        D:2 |      79 |       0 |   0.0 |      22 |       0 |   0.0
            +---------+---------+-------+---------+---------+-------
